 Dungeon Crawl Stone Soup version 0.27.1 (webtiles) character file.

Game seed: 9435194101682946599

148 shadowrider38 the Ruffian (level 5, -1/46 HPs)
             Began as a Draconian Transmuter on Aug 25, 2021.
             Slain by an orc wizard (11 damage)
             ... on level 3 of the Dungeon.
             The game lasted 00:05:38 (2403 turns).

shadowrider38 the Ruffian (Draconian Transmuter)    Turns: 2403, Time: 00:05:38

Health: -1/46      AC:  5    Str: 14    XL:     5   Next: 8%
Magic:  8/8        EV: 12    Int: 13    God:
Gold:   100        SH:  0    Dex: 11    Spells: 7/8 levels left

rFire    . . .     SeeInvis .     - Unarmed
rCold    . . .     Faith    .   (no shield)
rNeg     . . .     Spirit   .   (armour unavailable)
rPois    .         Reflect  .   (helmet restricted)
rElec    .         Harm     .   (no cloak)
rCorr    .         Rampage  .   (no gloves)
Will     .....                  (no boots)
Stlth    +.........             f - amulet of regeneration
HPRegen  1.15/turn              (no ring)
MPRegen  0.11/turn              (no ring)

@: no status effects
A: AC +5, unfitting armour, cold-blooded
a: no special abilities


You were on level 3 of the Dungeon.
You visited 1 branch of the dungeon, and saw 3 of its levels.

You collected 100 gold pieces.

Inventory:

Jewellery
 f - an amulet of regeneration (around neck)
Scrolls
 a - a scroll of acquirement {unknown}
 b - a scroll of noise {unknown}
 d - 2 scrolls of fear {unknown}
 e - 2 scrolls of enchant weapon {unknown}
 i - a scroll of brand weapon {unknown}
 j - 3 scrolls of identify {unknown}
 k - a scroll of enchant armour {unknown}
 m - a scroll of amnesia {unknown}
Potions
 c - a potion of brilliance {unknown}
 g - a potion of flight {unknown}
 h - a potion of heal wounds {unknown}
 l - a potion of degeneration {unknown}


   Skills:
 + Level 3.9 Fighting
 - Level 1.7 Dodging
 + Level 4.6 Unarmed Combat
 - Level 2.0 Spellcasting
 - Level 2.0 Transmutations


You had 7 spell levels left.
You knew the following spells:

 Your Spells              Type           Power      Damage    Failure   Level
a - Beastly Appendage     Tmut           12%        N/A       11%         1

Your spell library contained the following spells:

 Spells                   Type           Power      Damage    Failure   Level
 Wereblood                Tmut           6%         N/A       17%         2
 Spider Form              Tmut/Pois      1%         N/A       45%         3
 Ice Form                 Ice/Tmut       3%         N/A       86%         4


Dungeon Overview and Level Annotations

Branches:
Dungeon (3/15)

Altars:

Shops:
D:2 *


Innate Abilities, Weirdness & Mutations

Your plain brown scales are hard. (AC +5)
You cannot fit into any form of body armour.
You are cold-blooded and may be slowed by cold attacks.


Message History

The orc wizard is heavily wounded.
Something hits you.
You hit the orc wizard. Your headbutt misses the orc wizard.
The orc wizard is severely wounded.
The orc wizard hits you with a +0 scythe.
* * * LOW HITPOINT WARNING * * *
Something hits you.
* * * LOW HITPOINT WARNING * * *
The orc barely misses you. The orc wizard closely misses you.
You hit the orc. You claw the orc.
You kill the orc!
Your horns disappear.
Your talons disappear.
The orc wizard closely misses you. The orc wizard barely misses you.
You swing at nothing.
The orc wizard misses you.
You swing at nothing.
The orc wizard closely misses you. Something hits you but does no damage.
The orc wizard barely misses you.
Items here: $ ))) ? [.
You hit the orc wizard but do no damage.
The orc wizard is severely wounded.
Something hits you but does no damage. The orc wizard closely misses you.
You closely miss the orc wizard.
The orc wizard is severely wounded.
Something hits you. The orc wizard misses you.
You barely miss the orc wizard.
The orc wizard is severely wounded.
Something hits you.
The orc wizard gestures wildly while chanting.
The orc wizard flickers and vanishes!
You closely miss something.
Your tail-slap misses something.
Something hits you. x2
* * * LOW HITPOINT WARNING * * *
You closely miss something. Something hits you but does no damage.
Something hits you.
* * * LOW HITPOINT WARNING * * *
You miss something. You tail-slap something.
Something hits you but does no damage.
You miss something. Something hits you!
You die...

. . #############
#...##.#.
#............
#........
#.########### #
.....#.# #.#
#..##.##.#..#.# #.#
#..# ....#..#.# #)#
#..# #....#.###)#
#..# #...{#..##.#
#..# #....@#.##)#
#..# #...#{#....#
#..#####.###....###
#........# ##...#
#.###########...#
#.# #...........#
#####.#
#.########.>#
......# #.# ##.#
####### #.# #.#


There were no monsters in sight!

Vanquished Creatures
  Terence (D:2)
  An orc wizard (D:3)
  A hound skeleton (D:2)
  An adder (D:3)
  A worm (D:2)
  A dart slug (D:2)
  6 orcs (D:3)
  2 bats
  6 endoplasms
  A giant cockroach (D:2)
  2 goblins (D:1)
  3 hobgoblins
  15 jackals
  7 kobolds
  7 ball pythons
  3 rats (D:1)
58 creatures vanquished.

Notes
Turn   | Place    | Note
-------+----------+-------------------------------------------
     0 | D:1      | shadowrider38 the Draconian Transmuter began the quest for
                  | the Orb.
     0 | D:1      | Reached XP level 1. HP: 16/16 MP: 3/3
   234 | D:1      | Reached XP level 2. HP: 24/24 MP: 3/5
   926 | D:1      | Reached XP level 3. HP: 25/30 MP: 6/6
  1320 | D:2      | Found Jaotok's General Store.
  1400 | D:2      | Reached skill level 4 in Unarmed Combat
  1554 | D:2      | Noticed Terence
  1586 | D:2      | Killed Terence
  1587 | D:2      | Reached XP level 4. HP: 25/38 MP: 7/7
  2116 | D:3      | Reached XP level 5. HP: 46/46 MP: 8/8
  2403 | D:3      | Slain by an orc wizard

Illustrated notes

Levels and vault maps discovered:
D:1:      minmay_arrival_wavy_path, layout_basic
D:2:      layout_loops_cross, serial_shops, shop, nrook_mini_backslash,
          uniq_terence
D:3:      layout_basic, lightli_temple_of_fire, kennysheep_donut, uniq_sigmund

Skill      XL: |  1  2  3 |
---------------+----------+-----
Fighting       | 2 3 |  3.9
Unarmed Combat | 4 |  4.6
Dodging        | |  1.7
Spellcasting   | |  2.0
Transmutations | |  2.0

Action                   |  1- 3 |  4- 6 || total
-------------------------+-------+-------++-------
Melee: Unarmed           |   145 |    65 ||   210
       Kick              |    11 |     6 ||    17
       Tailslap          |    16 |     6 ||    22
       Headbutt          |     8 |     1 ||     9
       Punch             |     1 |     1 ||     2
 Cast: Beastly Appendage |     7 |     3 ||    10
 Stab: Sleeping          |     1 |       ||     1
Armor: Skin              |    37 |    18 ||    55
Dodge: Dodged            |    97 |    40 ||   137
